 Dungeon Crawl Stone Soup version 0.17.1-2-g5865329 (webtiles) character file.

3488 inmateoo the Martial Artist (level 10, -4/70 HPs)
             Began as an Octopode Transmuter on Feb 13, 2016.
             Was a Believer of Yredelemnul.
             Slain by a killer bee (6 damage)
             ... on level 8 of the Dungeon.
             The game lasted 00:18:30 (7498 turns).

inmateoo the Martial Artist (Octopode Transmuter)   Turns: 7498, Time: 00:18:30

Health: -4/70      AC:  6    Str: 10    XL:     10   Next: 7%
Magic:  18/18      EV: 10    Int: 19    God:    Yredelemnul [**....]
Gold:   63         SH:  0    Dex: 12    Spells: 6 memorised, 2 levels left

rFire  x . .     SeeInvis .       - Unarmed
rCold  + + +     Rnd*Rage +     (shield currently unavailable)
rNeg   . . .     SustAt   .     (helmet currently unavailable)
rPois  +         Gourm    .     q - amulet of regeneration
rElec  .         Spirit   .     l - ring of wizardry
rCorr  .         Warding  .     (no ring)
rMut   .         Stasis   .     u - ring of flight
MR     +....                    (no ring)
Stlth  +.........               (no ring)
                                (no ring)
                                (no ring)
                                (no ring)

@: lethally poisoned (-4 -> -5), ice-form, somewhat resistant to hostile
enchantments, very unstealthy
A: almost no armour, amphibious, 8 rings, (constrict 8), (antennae 0), (tentacle
spike 0), rugged brown scales 1, (camouflage 0), berserk 1, magic resistance 1,
(poison resistance), spit poison 3, (gelatinous body 0)
a: Breathe Poison Gas, End Transformation, Animate Remains, Recall Undead
Slaves, Injury Mirror, Renounce Religion, Evoke Flight


You were on level 8 of the Dungeon.
You worshipped Yredelemnul.
Yredelemnul was pleased with you.
You were hungry.
You were a creature of crystalline ice.
You visited 2 branches of the dungeon, and saw 9 of its levels.
You also visited: Ossuary.

You collected 354 gold pieces.
You spent 291 gold pieces at shops.

Inventory:

Missiles
 a - 198 arrows
Jewellery
 e - an uncursed amulet of guardian spirit {unknown}
 f - a cursed amulet of inaccuracy {unknown}
 i - an uncursed ring of teleportation
 l - a ring of wizardry (left front paw)
 q - an amulet of regeneration (around neck)
 s - an uncursed amulet of clarity {unknown}
 u - a ring of flight (on tentacle)
 w - an uncursed ring of see invisible
Wands
 x - a wand of random effects (45)
Scrolls
 h - a scroll of enchant armour
 j - 3 scrolls of teleportation
 m - 2 scrolls of blinking
 o - 2 scrolls of enchant weapon
 z - a scroll of magic mapping
 D - 2 scrolls of immolation
Potions
 g - 2 potions of cure mutation
 k - 2 potions of haste
 n - 3 potions of agility
 p - 2 potions of brilliance
 r - a potion of magic
 t - a potion of heal wounds
 v - a potion of berserk rage
Books
 b - a book of Changes

   Spells                             Type                      Level
   a - Beastly Appendage              Transmutation                1
   b - Sticks to Snakes               Transmutation                2
   c - Spider Form                    Transmutation/Poison         3
   d - Ice Form                       Ice/Transmutation            4
   e - Blade Hands                    Transmutation                5
 y - a book of Battle

   Spells                             Type                      Level
   a - Infusion                       Charms                       1
   b - Shroud of Golubria             Charms/Translocation         2
   c - Song of Slaying                Charms                       2
   d - Spectral Weapon                Hexes/Charms                 3
   e - Regeneration                   Charms/Necromancy            3
Comestibles
 c - 6 bread rations
 d - a meat ration
 A - a chunk of flesh


   Skills:
 - Level 1.0 Fighting
 - Level 2.0 Dodging
 * Level 9.6 Unarmed Combat
 + Level 5.8 Spellcasting
 * Level 9.1 Transmutations


You had 2 spell levels left.
You knew the following spells:

 Your Spells              Type           Power        Failure   Level  Hunger
a - Beastly Appendage     Trmt           #####.       1%          1    None
b - Sticks to Snakes      Trmt           #####.....   1%          2    None
c - Spider Form           Trmt/Pois      ###.......   2%          3    ##.....
d - Ice Form              Ice/Trmt       ###.....     7%          4    ####...
e - Blade Hands           Trmt           #####.....   4%          5    #####..
f - Regeneration          Chrm/Necr      #.........   16%         3    ##.....


Dungeon Overview and Level Annotations

Branches:
Dungeon (8/15)             Temple (1/1) D:4
   Lair: D:8-11

Altars:
Dithmenos
Elyvilon
Gozag
Kikubaaqudgha
Nemelex Xobeh
Okawaru
Qazlal
Ru
Trog
Vehumet
Yredelemnul
Zin
The Shining One

Shops:
D:5 ?=   D:7 ?


Innate Abilities, Weirdness & Mutations

You cannot wear most types of armour.
You are amphibious.
You can wear up to eight rings at the same time.
((You can use your tentacles to constrict eight enemies at once.))
((Your skin changes colour to match your surroundings (Stealth).))
((Your rubbery body absorbs attacks (AC +1).))
((You have a pair of small antennae on your head.))
((One of your tentacles bears a spike.))
(You are partially covered in rugged brown scales (AC +1, +3% HP).)
You tend to lose your temper in combat.
You are resistant to hostile enchantments.
((Your system is resistant to poisons.))
You can exhale a cloud of poison.


Message History

You barely miss the killer bee.
The killer bee is severely wounded.
The killer bee stings you!
* * * LOW HITPOINT WARNING * * *
You are poisoned.
The killer bee poisons you! The killer bee stings you.
* * * LOW HITPOINT WARNING * * *
Drink which item? (? for menu, Esc to quit)
It was a potion of poison.
You feel slightly nauseous.
You feel sick. The killer bee closely misses you.
The killer bee barely misses you.
You hit the killer bee but do no damage.
The killer bee is severely wounded.
The killer bee stings you.
* * * LOW HITPOINT WARNING * * *
The killer bee barely misses you.
You barely miss the killer bee.
The killer bee is severely wounded.
The killer bee stings you.
You die...
Your body rises from the dead as a mindless zombie.

...........#...........#
...........#...........#
...........#...........#
#.##########.....#######
#.# #............# #..
#............# #.
#............#
+...........)#######
###...........Yy.....#
........####+##†.....#
........#.....'......#
........#.....#......#
........#....y#......#
........###...########
##....... #... #.......
#... #....... #.yy


You could see a killer bee.

Vanquished Creatures
  Menkaure (D:7)
  Duvessa (D:5)
  2 orc warriors
  4 sky beasts
  4 ogres
  3 phantoms
  3 centaurs
  A crocodile (D:7)
  2 giant frogs
  Dowan (D:5)
  A wyvern zombie (D:7)
  A scorpion (D:4)
  8 killer bees
  2 crimson imps
  2 human zombies (Ossuary)
  3 centaur zombies (Ossuary)
  2 hounds
  A jelly (D:7)
  3 orc priests
  6 orc wizards
  A centaur skeleton (D:7)
  4 worker ants
  Natasha (D:3)
  A killer bee zombie (D:8)
  A big kobold zombie (Ossuary)
  2 hound skeletons
  2 mummies (Ossuary)
  Robin (D:2)
  10 adders
  5 gnolls (D:6)
  A shadow imp (D:6)
  An ooze (D:7)
  An adder skeleton (D:4)
  An adder zombie (Ossuary)
  4 worms
  30 orcs
  7 giant cockroaches
  16 hobgoblins
  10 jackals
  4 quokkas
  5 bats
  5 giant geckos
  12 giant newts
  8 goblins
  A goblin zombie (Ossuary)
  7 hobgoblin zombies (Ossuary)
  A jackal zombie (Ossuary)
  6 kobolds
  7 kobold zombies (Ossuary)
  13 orc zombies (Ossuary)
  A quokka skeleton (D:4)
  8 rats
  A rat zombie (Ossuary)
229 creatures vanquished.

Notes
Turn   | Place    | Note
--------------------------------------------------------------
     0 | D:1      | inmateoo the Octopode Transmuter began the quest for the Orb.
     0 | D:1      | Reached XP level 1. HP: 13/13 MP: 3/3
   249 | D:1      | Reached XP level 2. HP: 5/18 MP: 5/5
  1117 | D:2      | Reached XP level 3. HP: 20/23 MP: 6/6
  2032 | D:2      | Reached XP level 4. HP: 17/28 MP: 7/7
  2471 | D:2      | Reached skill level 4 in Unarmed Combat
  2576 | D:2      | Learned a level 2 spell: Sticks to Snakes
  2580 | D:2      | Learned a level 3 spell: Spider Form
  2821 | D:3      | Noticed Robin
  2849 | D:2      | Killed Robin
  2884 | D:2      | Reached XP level 5. HP: 22/33 MP: 4/8
  3049 | D:3      | Gained mutation: You have a pair of small antennae on your head. [potion of mutation]
  3049 | D:3      | Gained mutation: You tend to lose your temper in combat. [potion of mutation]
  3049 | D:3      | Gained mutation: You are clumsy. (Dex -2) [potion of mutation]
  3050 | D:3      | Gained mutation: You can spit weak poison. [potion of mutation]
  3050 | D:3      | Gained mutation: You are resistant to hostile enchantments. [potion of mutation]
  3097 | D:3      | Noticed Natasha
  3105 | D:3      | Killed Natasha
  3116 | D:3      | Found an ancient bone altar of Kikubaaqudgha.
  3601 | D:4      | Found a staircase to the Ecumenical Temple.
  3617 | Temple   | Entered the Ecumenical Temple
  3631 | Temple   | Became a worshipper of Yredelemnul the Dark
  3653 | D:4      | Found a sand-covered staircase.
  3664 | Ossuary  | Entered an ossuary
  3862 | Ossuary  | Reached XP level 6. HP: 38/38 MP: 8/10
  3885 | Ossuary  | Reached skill level 5 in Unarmed Combat
  4072 | D:4      | Reached skill level 5 in Transmutations
  4072 | D:4      | Reached XP level 7. HP: 27/43 MP: 11/11
  4109 | D:4      | Learned a level 4 spell: Ice Form
  4145 | D:4      | Noticed an ogre
  4151 | D:4      | Killed an ogre
  4165 | D:4      | Found a glowing silver altar of Zin.
  4166 | D:4      | Found an opulent altar of Gozag.
  4294 | D:4      | Found a sparkling altar of Nemelex Xobeh.
  4491 | D:4      | Found a white marble altar of Elyvilon.
  4498 | D:4      | Found a radiant altar of Vehumet.
  4498 | D:4      | Found a glowing golden altar of the Shining One.
  4500 | D:4      | Found a sacrificial altar of Ru.
  4502 | D:4      | Found a shadowy altar of Dithmenos.
  4506 | D:4      | Found a stormy altar of Qazlal.
  4651 | D:4      | Reached skill level 6 in Unarmed Combat
  4756 | D:5      | Entered Level 5 of the Dungeon
  4767 | D:5      | Reached XP level 8. HP: 39/48 MP: 1/13
  4800 | D:4      | Gained mutation: One of your tentacles bears a spike. [mutagenic meat]
  4801 | D:4      | Gained mutation: Your system is resistant to poisons. [mutagenic meat]
  4866 | D:5      | Found Miplupri's Jewellery Emporium.
  4869 | D:5      | Bought an uncursed ring of see invisible for 195 gold pieces
  4949 | D:5      | Found a bloodstained altar of Trog.
  5019 | D:5      | Reached skill level 7 in Unarmed Combat
  5067 | D:5      | Gained mutation: You can spit poison. [mutagenic meat]
  5068 | D:5      | Gained mutation: You are dopey. (Int -2) [mutagenic meat]
  5070 | D:5      | Gained mutation: Your flesh is heat resistant. [mutagenic meat]
  5096 | D:5      | Found Kotyseex's Magic Scroll Shop.
  5112 | D:5      | Bought a scroll of identify for 22 gold pieces
  5112 | D:5      | Bought a scroll of identify for 22 gold pieces
  5165 | D:5      | Noticed Dowan
  5166 | D:5      | Noticed Duvessa
  5179 | D:5      | Killed Duvessa
  5238 | D:5      | Killed Dowan
  5337 | D:5      | Reached XP level 9. HP: 53/53 MP: 10/16
  5341 | D:5      | Reached * piety under Yredelemnul
  5341 | D:5      | Reached skill level 8 in Unarmed Combat
  5403 | D:5      | Lost mutation: You are dopey. (Int -2) [mutagenic meat]
  5405 | D:5      | Lost mutation: Your flesh is heat resistant. [mutagenic meat]
  5406 | D:5      | Gained mutation: You are partially covered in rugged brown scales (AC +1, +3% HP). [mutagenic meat]
  5657 | D:6      | Gained mutation: You can exhale a cloud of poison. [mutagenic meat]
  5658 | D:6      | Lost mutation: You are clumsy. (Dex -2) [mutagenic meat]
  5723 | D:6      | Reached skill level 5 in Spellcasting
  6176 | D:6      | Found an iron altar of Okawaru.
  6487 | D:7      | Reached ** piety under Yredelemnul
  6500 | D:7      | Noticed Menkaure
  6510 | D:7      | Killed Menkaure
  6510 | D:7      | Reached skill level 9 in Unarmed Combat
  6652 | D:7      | Learned a level 5 spell: Blade Hands
  6656 | D:7      | Learned a level 3 spell: Regeneration
  6973 | D:7      | Found Til Dixococ's Magic Scroll Shoppe.
  6983 | D:7      | Bought a scroll of identify for 26 gold pieces
  6983 | D:7      | Bought a scroll of identify for 26 gold pieces
  7373 | D:8      | Reached XP level 10. HP: 59/59 MP: 18/18
  7495 | D:8      | HP: 3/70 [killer bee (3)]
  7498 | D:8      | Slain by a killer bee

Action                   |  1- 3 |  4- 6 |  7- 9 | 10-12 || total
-------------------------+-------+-------+-------+-------++-------
Melee: Unarmed           |    92 |   248 |   253 |    42 ||   635
 Cast: Beastly Appendage |    10 |     9 |       |       ||    19
       Spider Form       |       |    12 |     1 |       ||    13
       Ice Form          |       |       |    16 |     2 ||    18
 Abil: Breathe Poison Ga |       |       |     3 |       ||     3
Evoke: Wand              |       |       |     1 |       ||     1
  Use: Scroll            |       |    11 |    11 |     3 ||    25
       Potion            |       |     3 |     1 |     1 ||     5
 Stab: Sleeping          |     4 |     3 |    10 |       ||    17
       Distracted        |     1 |       |       |       ||     1
  Eat: Chunk             |     3 |     7 |    28 |     3 ||    41
       Royal jelly       |       |     1 |       |       ||     1
       Meat ration       |       |     1 |       |       ||     1
       Pizza             |       |       |     1 |       ||     1
